 Dungeon Crawl Stone Soup version 0.28-a0-1190-g77e1c55843 (webtiles) character file.

Game seed: 16131377129402504424

170 ders the Ducker (level 5, -1/35 HPs)
             Began as a Djinni Fire Elementalist on Dec 18, 2021.
             Slain by a scorpion (7 damage)
             ... on level 4 of the Dungeon.
             The game lasted 00:05:00 (4072 turns).

ders the Ducker (Djinni Fire Elementalist)          Turns: 4072, Time: 00:05:01

Health: -1/35      AC:  2    Str:  9    XL:     5   Next: 80%
Gold:   149        EV: 13    Int: 16    God:
                   SH:  0    Dex: 14

rFire   + + .      SeeInvis .   (no weapon)
rCold   x . .      Faith    .   (no shield)
rNeg    . . .      Spirit   .   a - +0 robe
rPois   ∞          Reflect  .   (no helmet)
rElec   .          Harm     .   (no cloak)
rCorr   .          Rampage  .   (no gloves)
Will    .....                   (boots unavailable)
Stlth   ++........              (no amulet)
HPRegen 0.11/turn               (no ring)
MPRegen 0.00/turn               (no ring)

@: flying
A: sickness immunity, fire resistance 2, cold vulnerability 1, float, innate
caster, hp casting, extra vitality 1
a: no special abilities


You were on level 4 of the Dungeon.
You visited 1 branch of the dungeon, and saw 4 of its levels.

You collected 149 gold pieces.

Inventory:

Armour
 a - a +0 robe (worn)
Jewellery
 b - a ring of ice
 c - a +6 ring of dexterity
 f - a ring of ice
Wands
 n - a wand of iceblast (5)
Scrolls
 e - a scroll of summoning {unknown}
 g - a scroll of teleportation {unknown}
 h - a scroll of enchant weapon {unknown}
 j - a scroll of enchant armour {unknown}
 p - a scroll of blinking {unknown}
 s - a scroll of noise {unknown}
 t - a scroll of amnesia {unknown}
Potions
 d - a potion of brilliance {unknown}
 i - 2 potions of curing {unknown}
 k - a potion of berserk rage {unknown}
 l - 2 potions of haste {unknown}
 m - 3 potions of heal wounds {unknown}
 o - a potion of degeneration {unknown}
 q - a potion of flight {unknown}
 r - 2 potions of mutation {unknown}


   Skills:
 + Level 4.5 Dodging
 - Level 1.5 Stealth
 + Level 3.7 Spellcasting


You couldn't memorise any spells.
You knew the following spells:

 Your Spells              Type           Power      Damage    Failure   Level
a - Foxfire               Conj/Fire      56%        2x1d6     3%          1
b - Scorch                Fire           28%        2d6       6%          2
c - Conjure Flame         Conj/Fire      14%        6-21      12%         3
d - Inner Flame           Hex/Fire       14%        N/A       12%         3
e - Flame Wave            Conj/Fire      14%        2d5       36%         4
f - Summon Small Mammal   Summ           56%        N/A       3%          1
g - Poisonous Vapours     Pois/Air       28%        N/A       6%          2
Your spell library was empty.

Dungeon Overview and Level Annotations

Branches:
Dungeon (4/15)
 Temple: D:4-7

Altars:
Wu Jian
Xom
Beogh

Shops:
D:2 !((*[


Innate Abilities, Weirdness & Mutations

You are immune to sickness and miasma.
You are immune to poison.
Your flesh is very heat resistant. (rF++)
You are vulnerable to cold. (rC-)
You float through the air rather than walking.
You learn spells naturally, not from books.
Your magical power is your life essence.
You have superior vitality. (+4 HP)


Message History

Flames lash the scorpion.
The scorpion is moderately wounded.
The scorpion's fire resistance burns away.
You hear a shout!
A gnoll comes into view. It is wielding a +2 halberd of venom.
The scorpion stings you but does no damage.
The scorpion stings you!
Unknown command.
Casting: Scorch (safe; 6% risk of failure)
Confirm with . or Enter, or press ? or * to list all spells.
Flames lash the scorpion.
The scorpion is burned terribly!
The scorpion is severely wounded.
You hear an angry hiss.
A ball python comes into view.
The scorpion stings you.
You hear a shout!
You hear an angry hiss.
The scorpion barely misses you.
Unknown command.
Casting: Scorch (safe; 6% risk of failure)
Confirm with . or Enter, or press ? or * to list all spells.
Flames lash the gnoll.
The gnoll is lightly wounded.
The gnoll's fire resistance burns away.
You hear a shout!
The scorpion is no longer more vulnerable to fire.
A kobold comes into view. It is wielding a +0 dagger.
The scorpion closely misses you. The scorpion barely misses you.
The gnoll hits you from afar with a +2 halberd of venom!
* * * LOW HITPOINT WARNING * * *
Unknown command.
Casting: Scorch (safe; 6% risk of failure)
Confirm with . or Enter, or press ? or * to list all spells.
Flames lash the ball python.
You kill the ball python!
* * * LOW HITPOINT WARNING * * *
The scorpion closely misses you.
The gnoll throws a throwing net.
The throwing net barely misses you. The scorpion stings you!
You die...

#.# # #.# .# #.# #. #.#
#. ########.. #K##
#.......#. .#####.g###
#.#####.#.
..........#####.#####.#.
#....s@...........##.#.
#.#......#####.##.##.#.
#........# #.##......
####..(..# #.......##
####### #########


You could see a scorpion, a gnoll (combustible) and a kobold.

Vanquished Creatures
  An orc priest (D:4)
  A gnoll (D:4)
  5 adders
  A dart slug (D:2)
  4 orcs
  6 ball pythons
  6 endoplasms
  3 giant cockroaches
  2 goblins
  3 hobgoblins
  2 jackals (D:3)
  5 kobolds
  2 quokkas
  6 bats
  3 frilled lizards (D:3)
  5 rats
55 creatures vanquished.

Vanquished Creatures (collateral kills)
  An orc wizard (D:4)
  2 jackals (D:3)
3 creatures vanquished.

Vanquished Creatures (others)
  118 foxfires
118 creatures vanquished.

Grand Total: 176 creatures vanquished

Notes
Turn   | Place    | Note
-------+----------+-------------------------------------------
     0 | D:1      | ders the Djinni Fire Elementalist began the quest for the
                  | Orb.
     0 | D:1      | Reached XP level 1. HP: 15/15 MP: 0/0
   353 | D:1      | Reached XP level 2. HP: 19/21 MP: 0/0
  1061 | D:2      | Reached skill level 3 in Dodging
  1061 | D:2      | Reached XP level 3. HP: 22/25 MP: 0/0
  1061 | D:2      | Learned a level 1 spell: Summon Small Mammal
  1136 | D:2      | Found Xidieti's Distillery.
  1184 | D:2      | Found Vatirazifo's Weapon Emporium.
  1201 | D:2      | Found Plog's Weapon Shop.
  1310 | D:2      | Found Gacuiqe's Assorted Antiques.
  1377 | D:2      | Reached XP level 4. HP: 25/31 MP: 0/0
  1884 | D:2      | Found a faded altar of an unknown god.
  2136 | D:2      | Found Zohebeen's Armour Shop.
  3196 | D:3      | Found a shimmering altar of Xom.
  3441 | D:4      | Found an ornate altar of the Wu Jian Council.
  3524 | D:4      | Reached skill level 4 in Dodging
  3534 | D:4      | Reached XP level 5. HP: 26/35 MP: 0/0
  3534 | D:4      | Learned a level 2 spell: Poisonous Vapours
  4072 | D:4      | Slain by a scorpion

Illustrated notes

Levels and vault maps discovered:
D:1:      psy_arrival_conway, layout_rooms
D:2:      layout_basic, serial_shops, nicolae_square_shop, nicolae_shop_trees,
          nicolae_shop_crystal, shop, nicolae_shop_advertising_works
          [nicolae_subvault_shop_adworks],
          hellmonk_ecumenical_altar_defaced_shrine
D:3:      layout_basic, xom_teletrap_fun, minmay_unequal
D:4:      minmay_razor_zed, layout_loops_cross, zin_statuary,
          nzn_wu_jian_contemplation, serial_shops, shop_coins, minmay_vboxes

Skill      XL: |  1  2  3  4 |
---------------+-------------+-----
Dodging        | 3 4 |  4.5
Spellcasting   | 3 |  3.7
Stealth        | |  1.5

Action                   |  1- 3 |  4- 6 || total
-------------------------+-------+-------++-------
 Cast: Foxfire           |    42 |    26 ||    68
       Scorch            |     5 |    32 ||    37
       Summon Small Mamm |       |     6 ||     6
       Poisonous Vapours |       |     1 ||     1
Armor: Robe              |     1 |     2 ||     3
Dodge: Dodged            |     3 |    24 ||    27

Table legend: (Time is in decaauts)
 A = Elapsed time spent in this place.
 B = Non-inter-level travel time spent in this place.
 C = Inter-level travel time spent in this place.
 D = Time resting spent in this place.
 E = Time spent auto-exploring this place.
 F = Levels seen in this place.
 G = Mean time per level.
                   A        B        C        D        E       F      G
               +--------+--------+--------+--------+--------+-----+--------+
         Total |   4071 |   3994 |     77 |    660 |   2941 |   4 | 1017.8 |
       Dungeon |   4071 |   3994 |     77 |    660 |   2941 |   4 | 1017.8 |
               +--------+--------+--------+--------+--------+-----+--------+

Top non-repeatable levels by time:
     D:2: 1242 daAuts
     D:3: 1113 daAuts
     D:1: 990 daAuts
     D:4: 724 daAuts
